 Dungeon Crawl Stone Soup version 0.24-a0-194-g9bee6eb (webtiles) character file.

Game seed: 13010230454771030859

9 Jaffare the Grave Robber (level 2, 0/20 HPs)
             Began as a Ghoul Necromancer on Mar 19, 2019.
             Slain by an adder (1 damage)
             ... on level 2 of the Dungeon.
             The game lasted 00:12:49 (1147 turns).

Jaffare the Grave Robber (Ghoul Necromancer)        Turns: 1147, Time: 00:12:50

Health: 0/20       AC:  4    Str: 11    XL:     2   Next: 16%
Magic:  0/4        EV:  9    Int: 10    God:
Gold:   50         SH:  0    Dex:  9    Spells: 3/5 levels left

rFire    . . .     SeeInvis .   (no weapon)
rCold    + . .     Gourm    .   (no shield)
rNeg     + + +     Faith    .   g - -2 scale mail (curse)
rPois    ∞         Spirit   .   (no helmet)
rElec    .         Reflect  .   (no cloak)
rCorr    .         Harm     .   (no gloves)
MR       .....                  (no boots)
Stlth    ..........             (no amulet)
HPRegen  0.00/turn              (no ring)
MPRegen  0.09/turn              (no ring)

@: very slightly contaminated, rotting
A: rotting body, claws 1, carnivore, cold resistance 1, negative energy
resistance 3, inhibited regeneration, torment resistance, unbreathing
a: no special abilities


You were on level 2 of the Dungeon.
You were not hungry.

You visited 1 branch of the dungeon, and saw 2 of its levels.

You collected 50 gold pieces.

Inventory:

Missiles
 e - 19 arrows
 f - 26 bolts
Armour
 a - a +0 robe
 g - a cursed -2 scale mail (worn)
 h - a +0 scale mail
 i - a +0 leather armour
Scrolls
 b - 2 scrolls of identify


   Skills:
 + Level 0.2 Fighting
 * Level 1.8 Dodging
 - Level 2.1 Stealth
 * Level 2.0 Spellcasting
 + Level 4.2 Necromancy


You had 3 spell levels left.
You knew the following spells:

 Your Spells              Type           Power        Failure   Level  Hunger
a - Pain                  Necr           #...         34%         1    ##.....
b - Animate Skeleton      Necr           N/A          34%         1    ##.....

Your spell library contained the following spells:

 Spells                   Type           Power        Failure   Level  Hunger
 Vampiric Draining        Necr           #.........   71%         3    ####...
 Regeneration             Chrm/Necr      #.........   94%         3    ####...
 Animate Dead             Necr           N/A          98%         4    #####..


Dungeon Overview and Level Annotations

Branches:
Dungeon (2/15)

Altars:


Innate Abilities, Weirdness & Mutations

Your body is rotting away.
You thrive on raw meat.
You are immune to poison.
You have sharp fingernails.
You are carnivorous and can eat meat at any time.
Your flesh is cold resistant. (rC+)
You are immune to negative energy. (rN+++)
You do not regenerate when monsters are visible.
You are immune to unholy pain and torment.
You can survive without breathing.


Message History

You scratch the hobgoblin.
You kill the hobgoblin!
The bat hits you but does no damage. The bat hits you.
The kobold hits you with a +1 whip of electrocution.
You are electrocuted!
Ouch! That really hurt!
* * * LOW HITPOINT WARNING * * *
You eat the chunk of flesh.
This raw flesh tastes great!
The bat closely misses you. The adder barely misses you.
The kobold hits you with a +1 whip of electrocution.
* * * LOW HITPOINT WARNING * * *
You closely miss the kobold. The adder bites you but does no damage.
The kobold completely misses you.
You scratch the kobold.
The kobold is moderately wounded.
The adder misses you.
The kobold hits you with a +1 whip of electrocution.
* * * LOW HITPOINT WARNING * * *
You eat the ration.
That ration really hit the spot!
The adder bites you.
You die...

..... ... #.#.#
#.# #.#.#.#.# .
#.#.#.#.# ...
#.... #.# ....#
#.#.# #.#
......#.#.###.####
!............bS@.#
....#.#.#.###.##K#
. # #.#.# #.# .#
#.#.# #.# .# #.#.#
#.# .# #.#.# #.#
.# ###.# #.# .#
... ... .#


You could see an adder, a bat and a kobold.

Vanquished Creatures
  3 bats (D:1)
  A goblin (D:1)
  2 hobgoblins
  A rat (D:1)
7 creatures vanquished.

Vanquished Creatures (collateral kills)
  A hobgoblin (D:1)
  A frilled lizard (D:1)
2 creatures vanquished.

Grand Total: 9 creatures vanquished

Notes
Turn   | Place    | Note
-------+----------+-------------------------------------------
     0 | D:1      | Jaffare the Ghoul Necromancer began the quest for the Orb.
     0 | D:1      | Reached XP level 1. HP: 14/14 MP: 2/2
   223 | D:1      | Learned a level 1 spell: Animate Skeleton
   690 | D:1      | Reached XP level 2. HP: 19/20 MP: 0/4
  1143 | D:2      | HP: 1/20 [kobold/+1 whip of electrocution (16)]
  1147 | D:2      | Slain by an adder

Levels and vault maps discovered:
D:1:      minmay_arrival_up_and_down, layout_basic, serial_forest,
          infiniplex_forest_end_2, infiniplex_forest_end_3,
          infiniplex_forest_end_2, infiniplex_forest_end_1,
          infiniplex_forest_straight_3, infiniplex_forest_end_2,
          infiniplex_forest_pool
D:2:      layout_basic, first_ration

Skill      XL: |  1 |
---------------+----+-----
Spellcasting   | 2 |  2.0
Fighting       | |  0.2
Dodging        | |  1.8
Stealth        | |  2.1
Necromancy     | |  4.2

Action                   || total
-------------------------++-------
Melee: Unarmed           ||    42
 Cast: Pain              ||    12
       Animate Skeleton  ||     7
  Use: Potion            ||     3
       Scroll            ||     1
 Stab: Sleeping          ||     1
  Eat: Chunk             ||     4
       Ration            ||     1
Armor: Robe              ||    12
       Scale mail        ||     7
Dodge: Dodged            ||    36

Table legend:
 A = Non-vault XP
 B = Vault XP
 C = Vault XP percentage of total XP
 D = Non-vault monster count
 E = Vault monster count
 F = Vault count percentage of total count
                 A         B        C        D         E       F
            +---------+---------+-------+---------+---------+-------
      Total |      14 |       0 |   0.0 |       9 |       0 |   0.0
            +---------+---------+-------+---------+---------+-------
        D:1 |      12 |       0 |   0.0 |       8 |       0 |   0.0
        D:2 |       2 |       0 |   0.0 |       1 |       0 |   0.0
            +---------+---------+-------+---------+---------+-------
